 Dungeon Crawl Stone Soup version 0.28.0-43-g3370ac3207 (webtiles) character file.

Game seed: 3215700386472788815

38729 experimilk the Scorcher (level 13, 0/94 HPs)
             Began as a Red Draconian Fire Elementalist on Mar 20, 2022.
             Was an Elder of Vehumet.
             Slain by a death yak (9 damage)
             ... on level 4 of the Lair of Beasts.
             The game lasted 01:38:59 (35007 turns).

experimilk the Scorcher (DrFE)                     Turns: 35007, Time: 01:39:00

Health: 0/94       AC: 14    Str: 12    XL:     13   Next: 65%
Magic:  1/28       EV: 15    Int: 20    God:    Vehumet [****..]
Gold:   133        SH:  0    Dex: 11    Spells: 9/34 levels left

rFire   + . .      SeeInvis .   k - +5 quarterstaff (drain)
rCold   + . .      Faith    .   (shield currently unavailable)
rNeg    . . .      Spirit   .   (armour unavailable)
rPois   .          Reflect  .   (helmet restricted)
rElec   .          Harm     .   h - +2 cloak
rCorr   .          Rampage  .   (no gloves)
Will    .....                   s - +2 pair of boots
Stlth   ++........              (no amulet)
HPRegen 0.25/turn               l - ring of protection from cold
MPRegen 0.21/turn               (no ring)

@: no status effects
A: breathe fire, AC +8, unfitting armour, fire resistance 1, cold-blooded
a: Breathe Fire, Renounce Religion


You were on level 4 of the Lair of Beasts.
You worshipped Vehumet.
Vehumet was greatly pleased with you.
You visited 3 branches of the dungeon, and saw 16 of its levels.

You collected 831 gold pieces.
You spent 698 gold pieces at shops.

Inventory:

Hand Weapons
 a - a +0 dagger
 j - a +1 flail of holy wrath
 k - a +5 quarterstaff of draining (weapon)
 u - the +4 whip of Dissent {vorpal, rN++ Str+3}
   (You found it on level 4 of the Dungeon)

   It inflicts extra damage upon your enemies.
   Str:       It affects your strength (+3).
   rN:        It greatly protects you from negative energy.
Armour
 h - a +2 cloak (worn)
 s - a +2 pair of boots (worn)
 D - a scarf of invisibility
Jewellery
 l - a ring of protection from cold (left hand)
Wands
 q - a wand of polymorph (20)
 v - a wand of digging (6)
 w - a wand of iceblast (7)
 C - a wand of mindburst (22)
 E - a wand of acid (8)
Scrolls
 c - a scroll of holy word
 d - a scroll of blinking
 e - 8 scrolls of vulnerability
 g - 2 scrolls of amnesia
 m - a scroll of immolation
 n - 2 scrolls of fog
 y - 2 scrolls of magic mapping
 F - a scroll of torment
 G - 2 scrolls of teleportation
 H - 2 scrolls of brand weapon
 I - 2 scrolls of enchant armour
Potions
 b - 2 potions of lignification
 f - 3 potions of haste
 i - 5 potions of curing
 o - a potion of flight
 p - 2 potions of invisibility
 r - 2 potions of might
 t - a potion of mutation
 x - 3 potions of berserk rage
 z - 2 potions of heal wounds
 A - a potion of brilliance
 B - 9 potions of ambrosia
 K - a potion of resistance


   Skills:
 - Level 3.0 Fighting
 - Level 3.0 Staves
 - Level 9.0 Dodging
 - Level 1.7 Stealth
 + Level 11.3 Spellcasting
 * Level 5.3 Conjurations
 - Level 18.0 Fire Magic
 * Level 5.3 Air Magic
 - Level 6.0 Evocations


You had 9 spell levels left.
You knew the following spells:

 Your Spells              Type           Power      Damage    Failure   Level
a - Foxfire               Conj/Fire      100%       2x1d9     1%          1
b - Scorch                Fire           100%       2d10      0%          2
c - Sticky Flame          Conj/Fire      55%        2d7       1%          4
d - Flame Wave            Conj/Fire      55%        2d11      1%          4
e - Mephitic Cloud        Conj/Pois/Air  25%        N/A       1%          3
f - Swiftness             Air            32%        N/A       1%          3
g - Ignite Poison         Fire/Tmut/Pois 35%        N/A       1%          3
h - Freezing Cloud        Conj/Ice/Air   12%        6-21      11%         5

Your spell library contained the following spells:

 Spells                   Type           Power      Damage    Failure   Level
 Irradiate                Conj/Tmut      10%        3d16      16%         5
 Magic Dart               Conj           100%       1d8       1%          1
 Sandblast                Erth           22%        2d7       1%          1
 Static Discharge         Conj/Air       32%        N/A       1%          2
 Conjure Flame            Conj/Fire      55%        6-21      1%          3
 Inner Flame              Hex/Fire       47%        N/A       1%          3
 Stone Arrow              Conj/Erth      42%        3d9       1%          3
 Beastly Appendage        Tmut           22%        N/A       6%          1
 Summon Small Mammal      Summ           44%        N/A       6%          1
 Call Imp                 Summ           11%        N/A       9%          2
 Ensorcelled Hibernation  Hex/Ice        22%        N/A       9%          2
 Passwall                 Tmut/Erth      9%         N/A       9%          2
 Wereblood                Tmut           11%        N/A       9%          2
 Call Canine Familiar     Summ           11%        N/A       19%         3
 Spider Form              Tmut/Pois      11%        N/A       19%         3
 Summon Guardian Golem    Hex/Summ       11%        N/A       19%         3
 Anguish                  Hex/Necr       5%         N/A       52%         4
 Dispel Undead            Necr           11%        3d9       52%         4


Dungeon Overview and Level Annotations

Branches:
Dungeon (10/15)            Temple (1/1) D:7            Lair (5/6) D:10
 Shoals (0/4) Lair:2        Snake (0/4) Lair:2
  Slime: Lair:5-6       Orc: D:9-12

Altars:
Ashenzari
Cheibriados
Dithmenos
Elyvilon
Fedhas
Gozag
Hepliaklqana
Kikubaaqudgha
Nemelex Xobeh
Okawaru
Qazlal
Ru
Sif Muna
Trog
Uskayaw
Vehumet
Wu Jian
Xom
Yredelemnul
Zin
The Shining One

Shops:
D:2 !!   D:4 *   D:7 (

Portals:
Trove: D:10 (give +7 demon trident)

Annotations:
D:5 2 runed translucent doors, Crazy Yiuf; Ekaitz's ghost, amateur DsEE
Lair:1 3 runed translucent doors, pkoi's ghost, journeyman OpAE


Innate Abilities, Weirdness & Mutations

You can breathe blasts of fire.
Your fiery red scales are hard. (AC +8)
You cannot fit into any form of body armour.
Your flesh is heat resistant. (rF+)
You are cold-blooded and may be slowed by cold attacks.


Message History

Aim: a death yak (heavily wounded, more vulnerable to fire, 100% to hit)
The sticky flame hits the death yak!
The death yak is burned terribly!
The death yak is heavily wounded.
The death yak is covered in liquid flames!
The death yak burns! x3
The death yak is no longer more vulnerable to fire.
The death yak gores you!!
The death yak is engulfed in freezing vapours.
The death yak gores you!!
The death yak is engulfed in freezing vapours. x3
The death yak gores you but does no damage.
The death yak burns! x2; The death yak stops burning.
The death yak burns!
The death yak is engulfed in freezing vapours.
A wyvern comes into view.
The death yak is engulfed in freezing vapours.
There is a stone staircase leading up here.
The death yak burns! x2
The wyvern is engulfed in freezing vapours.
The death yak is engulfed in freezing vapours.
The death yak gores you!
The death yak gores you but does no damage.
The death yak is engulfed in freezing vapours.
The wyvern is engulfed in freezing vapours.
The death yak closely misses you.
You climb upwards.
There is a stone staircase leading down here.
Read: scroll of fear
Press: ? - help, Q - select action, (/) - cycle Dir - look around, f - activate Look: a death yak (heavily wounded, covered in liquid flames, chance to affect: 47%)
As you read the scroll of fear, it crumbles to dust.
You assume a fearsome visage.
The death yak easily resists.
The death yak looks frightened!
The death yak easily resists.
The death yak easily resists.
The death yak burns! x2; The death yak gores you!
* * * LOW HITPOINT WARNING * * *
The death yak gores you!
* * * LOW HITPOINT WARNING * * *
The death yak gores you!
You die...

P.####.#....###### ###.#####
.............P...### ###...####
...................# #...##.#
...................### #.....##
##.######.####.#.....#####....###
#.## ######..#.....####....#.#
...###### #.#.Y#..##..PP###.....#
......#.###..#...Y.....P# ##.....
..รท....###P....Y@....#..##
##...(
.(......##....#Y..###....#####...
##.#.##########...###...<..####..
####'### ##...#.###.....P###..
##...#.######......###......##...
P...8..##..##....#..#..#....###..
.........#..#...##....##.....##..
..##......#....##P....#......#...
.######........##.P...>.....###..


You could see 4 death yaks.

Vanquished Creatures
  9 hydras
  A two-headed ogre (D:10)
  4 death yaks
  A lindwurm (Lair:5)
  A wolf spider (Lair:4)
  An ugly thing (D:10)
  2 manticores
  4 elephants (Lair:3)
  A merfolk siren (Lair:2)
  2 black mambas
  5 cane toads
  2 kobold demonologists (D:9)
  9 rime drakes
  5 komodo dragons
  A hornet (D:9)
  Prince Ribbit (D:5)
  A queen bee (Lair:2)
  12 blink frogs
  A vampire (D:7)
  39 yaks
  9 wyverns
  Eustachio (D:5)
  4 basilisks (Lair:5)
  Grum (D:8)
  2 nagas (Lair:2)
  An acid dragon (D:10)
  8 water moccasins
  Duvessa (D:7)
  2 black bears
  A hornet zombie (D:8)
  2 orc warriors
  2 ice beasts
  2 sky beasts
  A necrophage (D:5)
  A centaur (D:10)
  25 wolves
  19 kobold brigands (D:9)
  9 bullfrogs
  A gnoll sergeant (D:7)
  3 scorpions
  A troll skeleton (D:10)
  Dowan (D:7)
  24 killer bees
  6 howler monkeys
  10 wights
  5 spriggan skeletons (D:10)
  2 centaur zombies
  3 orc priests
  A hound (D:6)
  A centaur skeleton (D:3)
  9 orc wizards
  A scorpion zombie (D:5)
  Ijyb (D:5)
  Terence (D:2)
  4 iguanas
  Natasha (thrice) (D:2)
  10 hell rats (Lair:5)
  A killer bee zombie (D:6)
  A howler monkey skeleton (D:5)
  A howler monkey zombie (D:6)
  9 gnolls
  13 adders
  A white imp (D:7)
  An ufetubus (D:5)
  3 worms
  2 dart slugs
  28 orcs
  7 bats
  10 endoplasms
  3 giant cockroaches
  12 goblins
  10 hobgoblins
  13 jackals
  14 kobolds
  3 quokkas
  6 ball pythons
  5 frilled lizards
  5 rats
428 creatures vanquished.

Vanquished Creatures (collateral kills)
  4 foxfires
4 creatures vanquished.

Vanquished Creatures (others)
  A bush (Lair:3)
  744 foxfires
  32 fungi
  33 plants
810 creatures vanquished.

Grand Total: 1242 creatures vanquished

Notes
Turn   | Place    | Note
-------+----------+-------------------------------------------
     0 | D:1      | experimilk the Draconian Fire Elementalist began the quest
                  | for the Orb.
     0 | D:1      | Reached XP level 1. HP: 14/14 MP: 3/3
   161 | D:1      | Reached XP level 2. HP: 20/20 MP: 0/5
   338 | D:1      | Learned a level 2 spell: Scorch
   523 | D:1      | Reached skill level 4 in Fire Magic
   766 | D:1      | Reached XP level 3. HP: 26/26 MP: 3/6
   798 | D:1      | Learned a level 3 spell: Inner Flame
  1990 | D:2      | Found Ydwytog's Magic Scroll Emporium.
  2002 | D:2      | Bought a scroll of identify for 22 gold pieces
  2002 | D:2      | Bought a scroll of identify for 22 gold pieces
  2021 | D:2      | Found Biquhu's Distillery.
  2080 | D:2      | Noticed Terence
  2283 | D:2      | Reached skill level 5 in Fire Magic
  2283 | D:2      | Reached XP level 4. HP: 33/33 MP: 2/7
  2347 | D:2      | Bought a potion of degeneration for 14 gold pieces
  2673 | D:2      | Found Piar's Distillery.
  2758 | D:2      | Found Xuimn's Magic Scroll Emporium.
  2976 | D:2      | Killed Terence
  3187 | D:2      | Reached XP level 5. HP: 36/38 MP: 1/8
  3440 | D:2      | Noticed Natasha
  3452 | D:2      | Killed Natasha
  3453 | D:2      | Reached skill level 6 in Fire Magic
  3616 | D:2      | Noticed Natasha
  3626 | D:2      | Killed Natasha
  3701 | D:2      | Found a faded altar of an unknown god.
  4446 | D:3      | Found an ancient bone altar of Kikubaaqudgha.
  4446 | D:3      | Found a blossoming altar of Fedhas.
  4698 | D:3      | You fall into a shaft and drop 1 floor!
  4721 | D:4      | Found Zin's Purification Station.
  4721 | D:4      | Found a glowing silver altar of Zin.
  4924 | D:4      | Found a snail-covered altar of Cheibriados.
  5153 | D:4      | Found a white marble altar of Elyvilon.
  5281 | D:4      | Reached XP level 6. HP: 45/45 MP: 7/9
  5672 | D:4      | Identified the +4 whip of Dissent {vorpal, rN++ Str+3}
  6619 | D:4      | Reached skill level 7 in Fire Magic
  6619 | D:4      | Your scales start taking on a fiery red colour.
  6619 | D:4      | Reached skill level 8 in Fire Magic
  6619 | D:4      | Reached XP level 7. HP: 50/50 MP: 4/11
  6619 | D:4      | Gained mutation: Your flesh is heat resistant. (rF+) [Red
                  | Draconian growth]
  6696 | D:4      | Found a shimmering altar of Xom.
  6805 | D:4      | Found a broken altar of Ashenzari.
  7024 | D:5      | Entered Level 5 of the Dungeon
  7684 | D:5      | Found an ornate altar of the Wu Jian Council.
  7691 | D:5      | Noticed Ijyb
  7697 | D:5      | Reached skill level 9 in Fire Magic
  7726 | D:5      | Killed Ijyb
  7939 | D:5      | Reached skill level 1 in Fighting
  8015 | D:5      | Noticed Prince Ribbit
  8022 | D:5      | Killed Prince Ribbit
  8023 | D:5      | Reached XP level 8. HP: 49/61 MP: 1/13
  8122 | D:5      | Learned a level 4 spell: Flame Wave
  8126 | D:5      | Learned a level 3 spell: Mephitic Cloud
  8259 | D:5      | Noticed Eustachio
  8264 | D:5      | Killed Eustachio
  8363 | D:5      | Reached skill level 10 in Fire Magic
  8520 | D:5      | Found a runed translucent door.
  8523 | D:5      | Noticed Ekaitz's ghost (amateur DsEE)
  8739 | D:5      | Found a runed translucent door.
  8742 | D:5      | Noticed Crazy Yiuf
  9692 | D:6      | Reached skill level 11 in Fire Magic
 10058 | D:6      | Reached skill level 5 in Spellcasting
 10058 | D:6      | Reached XP level 9. HP: 69/69 MP: 2/16
 10269 | D:6      | Reached skill level 12 in Fire Magic
 10359 | D:6      | Learned a level 3 spell: Swiftness
 10405 | D:6      | Reached skill level 1 in Air Magic
 11184 | D:7      | Noticed Dowan
 11186 | D:7      | Noticed Duvessa
 11202 | D:7      | Found a staircase to the Ecumenical Temple.
 11715 | D:7      | Found Hecem's Antique Weapon Boutique.
 12699 | Temple   | Entered the Ecumenical Temple
 12823 | Temple   | Became a worshipper of Vehumet
 12912 | D:7      | Found a sacrificial altar of Ru.
 12934 | D:7      | Killed Dowan
 12939 | D:7      | HP: 1/103 [Duvessa/+0 rapier (9)]
 12943 | D:7      | Killed Duvessa
 13704 | D:2      | Noticed Natasha
 13721 | D:2      | Killed Natasha
 13729 | D:2      | Bought a potion of might for 44 gold pieces
 13729 | D:2      | Bought a potion of berserk rage for 55 gold pieces
 13729 | D:2      | Bought a potion of curing for 33 gold pieces
 13752 | D:2      | Bought a potion of heal wounds for 70 gold pieces
 13752 | D:2      | Bought a potion of brilliance for 56 gold pieces
 13772 | D:2      | Bought a scroll of magic mapping for 38 gold pieces
 13772 | D:2      | Bought a scroll of identify for 22 gold pieces
 15486 | D:8      | Reached skill level 1 in Evocations
 15582 | D:8      | Noticed Grum
 15594 | D:8      | Reached skill level 13 in Fire Magic
 15594 | D:8      | Reached XP level 10. HP: 72/77 MP: 17/20
 15652 | D:8      | Killed Grum
 15659 | D:8      | Reached * piety under Vehumet
 15659 | D:8      | Offered knowledge of Freeze by Vehumet.
 16377 | D:8      | Found a glowing golden altar of the Shining One.
 16397 | D:8      | Found a bloodstained altar of Trog.
 16650 | D:8      | Learned a level 3 spell: Ignite Poison
 18682 | D:9      | Reached skill level 5 in Dodging
 18682 | D:9      | Reached skill level 14 in Fire Magic
 20287 | D:10     | Entered Level 10 of the Dungeon
 20417 | D:9      | Reached XP level 11. HP: 51/82 MP: 10/22
 21458 | D:9      | Reached skill level 15 in Fire Magic
 21892 | D:10     | Reached skill level 1 in Staves
 21968 | D:10     | Noticed a two-headed ogre
 21975 | D:10     | Found a portal to a secret trove of treasure.
 22571 | D:10     | Killed a two-headed ogre
 22690 | D:10     | Noticed a purple ugly thing
 22699 | D:10     | Killed a purple ugly thing
 23192 | D:10     | Found a staircase to the Lair.
 23615 | Lair:1   | Entered Level 1 of the Lair of Beasts
 24677 | Lair:1   | Found a runed translucent gate.
 24678 | Lair:1   | Found a runed translucent gate.
 24679 | Lair:1   | Found a runed translucent gate.
 24679 | Lair:1   | Noticed pkoi's ghost (journeyman OpAE)
 24833 | Lair:1   | Learned a level 4 spell: Sticky Flame
 25588 | Lair:2   | Found a staircase to the Shoals.
 25653 | Lair:2   | Reached ** piety under Vehumet
 25653 | Lair:2   | Offered knowledge of Searing Ray by Vehumet.
 25726 | Lair:2   | Found a staircase to the Snake Pit.
 26043 | Lair:2   | Reached XP level 12. HP: 58/89 MP: 1/25
 26050 | Lair:2   | Reached skill level 16 in Fire Magic
 26841 | Lair:2   | Noticed a five-headed hydra
 26857 | Lair:2   | Killed a five-headed hydra
 27381 | Lair:3   | Reached skill level 5 in Evocations
 27774 | Lair:3   | Noticed a death yak
 27775 | Lair:3   | Noticed a death yak
 27775 | Lair:3   | Noticed a death yak
 27775 | Lair:3   | Noticed a death yak
 27803 | Lair:2   | Killed a death yak
 28236 | Lair:3   | Noticed a seven-headed hydra
 28242 | Lair:3   | Killed a seven-headed hydra
 28243 | Lair:3   | Reached skill level 10 in Spellcasting
 28499 | Lair:3   | Noticed a six-headed hydra
 28503 | Lair:3   | Killed a six-headed hydra
 28727 | Lair:3   | Noticed a five-headed hydra
 29053 | Lair:3   | Killed a death yak
 29054 | Lair:3   | Reached skill level 17 in Fire Magic
 29067 | Lair:3   | Killed a death yak
 29116 | Lair:3   | Killed a death yak
 29565 | Lair:3   | Killed a five-headed hydra
 29875 | Lair:3   | Noticed an eight-headed hydra
 29881 | Lair:3   | Killed an eight-headed hydra
 30266 | Lair:4   | Offered knowledge of Frozen Ramparts by Vehumet.
 30515 | Lair:4   | Reached XP level 13. HP: 80/94 MP: 25/27
 30517 | Lair:4   | Reached *** piety under Vehumet
 31058 | D:2      | Bought a scroll of fear for 38 gold pieces
 31058 | D:2      | Bought a scroll of enchant weapon for 82 gold pieces
 31058 | D:2      | Bought a scroll of enchant armour for 82 gold pieces
 31058 | D:2      | Bought a scroll of fear for 38 gold pieces
 31058 | D:2      | Bought a scroll of enchant armour for 82 gold pieces
 31527 | Lair:3   | Reached skill level 18 in Fire Magic
 32851 | Lair:4   | Offered knowledge of Fulminant Prism by Vehumet.
 33007 | Lair:4   | Learned a level 5 spell: Freezing Cloud
 33762 | Lair:5   | Reached **** piety under Vehumet
 34191 | Lair:5   | Offered knowledge of Irradiate by Vehumet.
 34308 | Lair:5   | Reached skill level 5 in Conjurations
 34456 | Lair:5   | Reached skill level 5 in Air Magic
 34541 | Lair:5   | Identified the +8 war axe "Fetuc Riqu" {freeze, Str+4 Int-5
                  | Dex+3}
 35007 | Lair:4   | Slain by a death yak

Illustrated notes

Levels and vault maps discovered:
D:1:      ncdulo_smallfort, layout_loops_corners, minmay_tetromino_l2
D:2:      layout_rooms, serial_shops, shop, nicolae_shop_advertising_works
          [nicolae_subvault_shop_adworks], shop, nicolae_shop_statue_plus,
          ebering_ecumenical_altar_box, minmay_tall_x, uniq_natasha,
          uniq_terence
D:3:      layout_basic, grunt_temple_overflow_growth_and_decay
D:4:      layout_gridville, kennysheep_mini, kennysheep_mini_moat,
          elyvilon_altar_5, zin_purify, mainiacjoe_overflow_surrounded_room,
          kennysheep_doodads, minmay_misc_feat_hallway, guppyfry_early_lair_pool
D:5:      layout_cave_pools, mainiacjoe_overflow_catwalk, ebering_ghost_sewer_d,
          nicolae_underground_beach, uniq_ijyb, uniq_prince_ribbit1,
          uniq_crazy_yiuf_cottage, uniq_eustachio
D:6:      wander_river, layout_gridville, kennysheep_generic_room_5
D:7:      layout_loops_cross, nicolae_ru_awakened_eye, lightli_temple_of_fire,
          minmay_temple_entry_grid, serial_shops, nicolae_take_the_stairs,
          kennysheep_nondescript, uniq_duvessa
D:8:      layout_loops_corners, mainiacjoe_overflow_alcove_2, tso_oasis_becter,
          uniq_grum
D:9:      layout_roguey [special_room_kobold]
D:10:     layout_cave_pools, dpeg_oklobed_lair, enter_trove_1,
          chequers_decorated_corner, hangedman_tell_no_tales
Temple:   compressed_dpeg_circular_temple
Lair:1:   layout_misc_corridors, gammafunk_ghost_split
Lair:2:   layout_concentric_octagons, minmay_shoals_entry_lonely_mermaid,
          minmay_snake_entry_guardpost_small, special_room [special_room_bee]
Lair:3:   layout_cave_pods, grunt_megastairs_3
Lair:4:   layout_concentric_octagons, nicolae_lair_run_with_the_wolves,
          grunt_megastairs_4, infiniplex_staircase_pool_2
Lair:5:   layout_gridlike, special_room [special_room_mythical_zoo],
          patterned_corridor

Skill      XL: |  1  2  3  4  5  6  7  8  9 10 11 12 13 |
---------------+----------------------------------------+-----
Fire Magic     | 4 5 6 8 9 11 13 14 15 17 18 | 18.0
Conjurations   | 2 3 5 |  5.3
Spellcasting   | 3 5 6 7 9 10 11 | 11.3
Dodging        | 2 3 4 5 6 8 9 |  9.0
Fighting       | 2 3 |  3.0
Air Magic      | 3 5 |  5.3
Evocations     | 1 3 4 6 |  6.0
Staves         | 3 |  3.0
Stealth        | |  1.7

Action                   |  1- 3 |  4- 6 |  7- 9 | 10-12 | 13-15 || total
-------------------------+-------+-------+-------+-------+-------++-------
Melee: Unarmed           |     2 |       |       |       |       ||     2
       Dagger            |    18 |    17 |       |       |       ||    35
       Tailslap          |     2 |     3 |     3 |     1 |     6 ||    15
       Punch             |     2 |       |       |       |       ||     2
       Flail             |       |     3 |       |       |       ||     3
       Quarterstaff      |       |    10 |       |    32 |    31 ||    73
       Whip              |       |     9 |    60 |     7 |       ||    76
 Cast: Foxfire           |    71 |   101 |   127 |   140 |    13 ||   452
       Scorch            |     4 |    21 |    71 |   223 |    72 ||   391
       Inner Flame       |       |     3 |     3 |       |       ||     6
       Flame Wave        |       |       |     6 |     8 |     3 ||    17
       Mephitic Cloud    |       |       |     1 |    17 |     1 ||    19
       Ignite Poison     |       |       |       |    16 |     1 ||    17
       Sticky Flame      |       |       |       |    56 |    53 ||   109
       Swiftness         |       |       |       |     2 |       ||     2
       Freezing Cloud    |       |       |       |       |     8 ||     8
 Abil: Breathe Fire      |       |       |    11 |    19 |     4 ||    34
Evoke: Wand              |       |       |     1 |    11 |     1 ||    13
  Use: Scroll            |     2 |     3 |     9 |    18 |     5 ||    37
       Potion            |       |       |     9 |     6 |     3 ||    18
Armor: Skin              |    12 |    38 |    56 |   132 |    58 ||   296
Dodge: Dodged            |    36 |    49 |   116 |   231 |   118 ||   550
